AoeStats
← Comend x comend

Arabia

508357805Analyzed
3v3 RM · 9d ago on Sep 22, 2026· 50m 15s· 6 players
Game mode
Random Map
Map size
Normal (6 player)
Population
200
Speed
Normal
Resources
Standard
Victory
Conquest
Starting age
Dark Age
Ending age
Imperial Age
RankedLock teamsTeams togetherTeam positionsShared explorationLock speedFull tech treeHidden civsTurbo modeCheats
Victory
Defeat
🇵🇪 Maya · Peru
1557
+10
🇲🇽 Bulgarians · Mexico
1464
+14
🇲🇽 Magyars · Mexico
1325
+19
🇺🇸 Persians · United States
1481
-17
🇦🇷 Koreans · Argentina
1422
-15
🇵🇪 Franks · Peru
1337
-11
PistonForjado
6:56 Loom
10:19 Feudal Age
10:52 Double-Bit Axe
14:05 Horse Collar
16:16 Fletching
21:26 Town Watch
22:16 Wheelbarrow
22:32 Stone Mining
22:33 Gold Mining
25:26 Castle Age
25:54 Town Watch
26:23 Bow Saw
25:53 Crossbowman
26:29 Bodkin Arrow
26:59 Heavy Plow
28:14 Ballistics
29:11 Squires
33:44 Murder Holes
34:00 Masonry
35:08 Stone Shaft Mining
37:11 Imperial Age
38:11 Hand Cart
38:06 Eupseong
38:42 Bracer
39:43 Chemistry
39:13 Arbalester
42:03 Conscription
41:30 Arrowslits
43:40 Architecture
43:47 Thumb Ring
45:06 Scale Mail Armor
45:17 Forging
骑猪射箭
7:02 Loom
9:19 Feudal Age
9:51 Double-Bit Axe
9:48 Horse Collar
15:11 Scale Barding Armor
16:39 Forging
24:43 Castle Age
23:45 Bloodlines
25:47 Bow Saw
25:38 Heavy Plow
26:15 Chain Barding Armor
28:23 Husbandry
Comend x comend
8:52 Loom
10:54 Feudal Age
18:27 Castle Age
25:52 Gambesons
26:08 Pikeman
LvSP | cePeD
0:29 Loom
9:50 Feudal Age
10:31 Double-Bit Axe
10:39 Man-at-Arms
15:46 Horse Collar
17:40 Fletching
22:28 Wheelbarrow
25:12 Castle Age
23:43 Padded Archer Armor
23:54 Gold Mining
25:33 Crossbowman
26:08 Bodkin Arrow
26:16 Town Watch
29:00 Ballistics
31:28 Leather Archer Armor
39:23 Imperial Age
39:11 Bow Saw
39:08 Heavy Plow
39:58 Capped Ram
42:27 Chemistry
42:59 Two-Man Saw
42:32 Bracer
42:30 Arbalester
45:24 Hand Cart
45:36 Stone Mining
46:17 Crop Rotation
47:06 Siege Ram
LvSP | LeON
6:32 Loom
9:24 Feudal Age
23:59 Wheelbarrow
29:53 Castle Age
30:17 Scale Mail Armor
32:11 Gambesons
33:59 Chain Mail Armor
33:54 Forging
41:03 Double-Bit Axe
[JaMx] K@l-El
6:04 Loom
8:52 Feudal Age
9:21 Double-Bit Axe
20:06 Wheelbarrow
22:20 Castle Age
20:36 Gold Mining
20:28 Horse Collar
21:20 Scale Barding Armor
21:26 Bloodlines
24:44 Chain Barding Armor
40:21 Imperial Age
39:23 Heavy Plow
40:23 Cavalier
41:44 Plate Barding Armor
41:26 Hand Cart
40:57 Town Watch
41:53 Paladin
42:24 Capped Ram
44:17 Husbandry
Connection lost

Rejoining the realm…

Still unreachable

The connection could not be restored.

Session expired

The server has moved on; the page needs a fresh start.